 Dungeon Crawl Stone Soup version 0.17-a0-2024-gc284f19 (webtiles) character file.

128 Mordenkainen the Conjurer (level 4, 0/27 HPs)
             Began as a High Elf Wizard on Oct 10, 2015.
             Killed from afar by Natasha (8 damage)
             ... with a magic dart
             ... on level 3 of the Dungeon.
             The game lasted 00:06:18 (1942 turns).

Mordenkainen the Conjurer (High Elf Wizard)         Turns: 1942, Time: 00:06:18

Health: 0/27       AC:  2    Str:  6    XL:     4   Next: 87%
Magic:  1/11       EV: 12    Int: 23    God:
Gold:   87         SH:  0    Dex: 13    Spells: 5 memorised, 0 levels left

rFire  . . .     SeeInvis .     (no weapon)
rCold  . . .     Clarity  .     a - +0 robe
rNeg   . . .     SustAt   .     (no shield)
rPois  .         Gourm    .     b - +0 hat
rElec  .         Spirit   .     (no cloak)
rCorr  .         Warding  .     (no gloves)
rMut   .         Stasis   .     (no boots)
MR     .....                    (no amulet)
Stlth  ++........               (no ring)
                                (no ring)

@: not resistant to hostile enchantments, unstealthy
A: no striking features
a: no special abilities


You were on level 3 of the Dungeon.
You were not hungry.

You visited 1 branch of the dungeon, and saw 3 of its levels.

You collected 87 gold pieces.

Inventory:

Armour
 a - a +0 robe (worn)
 b - a +0 hat (worn)
Jewellery
 h - an uncursed ring of wizardry {unknown}
 q - an uncursed ring of flight {unknown}
 t - an uncursed amulet of the gourmand {unknown}
Scrolls
 e - a scroll of random uselessness {unknown}
 i - a scroll of magic mapping {unknown}
 j - 2 scrolls of identify {unknown}
 k - 3 scrolls of enchant armour {unknown}
 n - a scroll of fog {unknown}
 o - 3 scrolls of remove curse {unknown}
 p - a scroll of blinking {unknown}
 r - a scroll of enchant weapon {unknown}
 u - a scroll of fear {unknown}
 v - a scroll of immolation {unknown}
Potions
 g - a potion of lignification
 l - 2 potions of cure mutation {unknown}
 m - a potion of haste
 w - a potion of magic {unknown}
Books
 c - a book of Minor Magic

   Spells                             Type                      Level
   a - Magic Dart                     Conjuration                  1
   b - Blink                          Translocation                2
   c - Call Imp                       Summoning                    2
   d - Repel Missiles                 Charms/Air                   2
   e - Slow                           Hexes                        2
   f - Conjure Flame                  Conjuration/Fire             3
   g - Mephitic Cloud                 Conjuration/Poison/Air       3
Comestibles
 d - 2 bread rations
 f - a beef jerky
 s - 2 slices of pizza
 x - a meat ration
 z - 4 chunks of flesh


   Skills:
 - Level 2.1 Dodging
 - Level 2.1 Stealth
 + Level 4.0 Spellcasting
 * Level 4.1 Conjurations
 + Level 1.4 Charms
   Level 0.8 Summonings
 + Level 1.3 Translocations
 + Level 0.2 Fire Magic
 + Level 0.5 Air Magic
 + Level 0.8 Poison Magic


You couldn't memorise any spells.
You knew the following spells:

 Your Spells              Type           Power        Failure   Level  Hunger
a - Magic Dart            Conj           ###.         1%          1    None
b - Blink                 Tloc           N/A          12%         2    #......
c - Repel Missiles        Chrm/Air       #.....       12%         2    #......
e - Conjure Flame         Conj/Fire      ##......     14%         3    ##.....
h - Mephitic Cloud        Conj/Pois/Air  ##......     17%         3    ##.....


Dungeon Overview and Level Annotations

Branches:
Dungeon (3/15)

Altars:
Gozag
Kikubaaqudgha

Annotations:
D:3 Natasha


Message History

You don't have enough magic to cast that spell.
You aren't carrying any items that can be evoked.
Unknown command.
Natasha drinks a potion.
Natasha seems to speed up.
Drink which item? (? for menu, Esc to quit)
Okay, then.
Natasha claws you.
* * * LOW HITPOINT WARNING * * *
Natasha mumbles some strange words.
Natasha claws you but does no damage.
Unknown command.
Natasha mumbles some strange words.
Natasha closely misses you.
Unknown command.
The crimson imp barely misses you. Natasha claws you.
* * * LOW HITPOINT WARNING * * *
Natasha mumbles some strange words.
Natasha casts a spell at you. The magic dart hits you!
You die...

#...>...............
#..รท................
#####.....#.......######
#.........#.......# #
#.........#.......# #
#.....5...#.......# #
#.........#.......# #
#...55....# h... #
#####.h@..# # ####.##
#### # .# ....#### .#
#....# .. #.... .. ##...
..# #... ... #....
#.....


You could see Natasha, 2 crimson imps and a white imp.

Vanquished Creatures
  Natasha (D:3)
  3 adders
  An ooze (D:1)
  3 giant geckos
  6 orcs (D:3)
  2 ball pythons
  5 bats
  4 giant cockroaches
  8 hobgoblins
  4 jackals (D:1)
  3 giant newts
  9 goblins
  7 kobolds
  2 quokkas
  2 rats
60 creatures vanquished.

Notes
Turn   | Place    | Note
--------------------------------------------------------------
     0 | D:1      | Mordenkainen the High Elf Wizard began the quest for the Orb.
     0 | D:1      | Reached XP level 1. HP: 11/11 MP: 6/6
   156 | D:1      | Reached XP level 2. HP: 9/17 MP: 0/7
   604 | D:1      | Reached XP level 3. HP: 21/21 MP: 6/9
   680 | D:1      | Learned a level 2 spell: Blink
   683 | D:1      | Learned a level 2 spell: Repel Missiles
   687 | D:1      | Learned a level 3 spell: Mephitic Cloud
  1216 | D:2      | Found an opulent altar of Gozag.
  1216 | D:2      | Found an ancient bone altar of Kikubaaqudgha.
  1500 | D:3      | Reached XP level 4. HP: 27/27 MP: 1/10
  1678 | D:3      | Reached skill level 4 in Spellcasting
  1695 | D:3      | Learned a level 3 spell: Conjure Flame
  1738 | D:3      | Reached skill level 1 in Charms
  1877 | D:3      | Noticed Natasha
  1882 | D:3      | Killed Natasha
  1903 | D:3      | Noticed Natasha
  1942 | D:3      | Killed from afar by Natasha

Vault maps used:
D:1:      scummos_arrival_simple_crosswalls, hangedman_decor_riveting,
          minmay_misc_feat_rows, moated_statue
D:2:      gammafunk_temple_overflow_pools, first_bread
D:3:      nemelex_lonely_heart_becter, uniq_natasha

Action                   |  1- 3 |  4- 6 || total
-------------------------+-------+-------++-------
Melee: Unarmed           |     4 |     3 ||     7
 Cast: Magic Dart        |   101 |    45 ||   146
  Use: Potion            |       |     1 ||     1
  Eat: Chunk             |     2 |     1 ||     3
